 Dungeon Crawl Stone Soup version 0.27-a0-535-g7eaf864cf9 (webtiles) character file.

Game seed: 17367615377253165576

452646 Garvin the Earth Mage (level 24, -36/151 HPs)
             Began as a Gargoyle Earth Elementalist on Mar 6, 2021.
             Was the Champion of Vehumet.
             Killed from afar by Jory (59 damage)
             ... with a crystal spear
             ... on level 4 of the Vaults.
             The game lasted 02:03:51 (52831 turns).

Garvin the Earth Mage (GrEE)                       Turns: 52831, Time: 02:03:52

Health: -36/151    AC: 37    Str: 15    XL:     24   Next: 32%
Magic:  28/36      EV: 17    Int: 39    God:    Vehumet [******]
Gold:   5018       SH: 11    Dex: 12    Spells: 8/50 levels left

rFire    + . .     SeeInvis +   z - +9 eveningstar (drain)
rCold    + + +     Faith    .   k - +6 buckler "Icueset" {*Contam +Fly rElec Slay+5}
rNeg     + . .     Spirit   .   v - +2 robe {rF+}
rPois    ∞         Reflect  .   M - +2 hat {SInv}
rElec    +         Harm     .   Q - +2 cloak {rCorr}
rCorr    +         Rampage  .   L - +1 pair of gloves of Complete Protection {rC++}
Will     +....                  O - +2 pair of boots
Stlth    +++.......             V - amulet of magic regeneration
HPRegen  0.35/turn              U - +6 ring of intelligence
MPRegen  0.50/turn              t - +6 ring of intelligence

@: flying, very slightly contaminated, studying Staves
A: big wings, icy blue scales 1, iridescent scales 1, thin skeletal structure 1,
clever 1, cold resistance 1, low mp 1, negative energy resistance 1, electricity
resistance, torment resistance 1, unbreathing 1, petrification resistance, AC
+18
}: 2/15 runes: serpentine, barnacled
a: Stop Flying, Renounce Religion


You were on level 4 of the Vaults.
You worshipped Vehumet.
Vehumet was exalted by your worship.
You visited 8 branches of the dungeon, and saw 39 of its levels.
You visited the Abyss 1 time.
You also visited: Sewer and Ice Cave.

You collected 5812 gold pieces.
You spent 794 gold pieces at shops.

Inventory:

Hand Weapons
 z - a +9 eveningstar of draining (weapon)
 Y - a +4 demon whip of electrocution
Missiles
 H - 5 throwing nets
Armour
 a - the +2 hood of the Assassin {Detection Stab+ Stlth++}
   (You found it on level 3 of the Elven Halls)

   It makes you much more stealthy.
 b - a scarf of invisibility
 k - the +6 buckler "Icueset" (worn) {*Contam +Fly rElec Slay+5}
   (You found it on level 4 of the Dungeon)

   It affects your accuracy and damage with ranged weapons and melee attacks
   (+5).
   It insulates you from electricity.
   It lets you fly.
   It causes magical contamination when unequipped.
 v - a +2 robe of fire resistance (worn)
 w - a +2 robe of the Archmagi
 L - the +1 pair of gloves of Complete Protection (worn) {rC++}
   (You found it on level 14 of the Dungeon)

   It greatly protects you from cold.
 M - a +2 hat of see invisible (worn)
 O - a +2 pair of boots (worn)
 Q - a +2 cloak of preservation (worn)
 Z - the +0 pair of boots of the Insatiable Portals {+Blink Will- Dex+7 Stlth+}
   (You found it on level 3 of the Elven Halls)

   It affects your dexterity (+7).
   It affects your willpower, your defense against some magical effects.
   It lets you blink.
   It makes you more stealthy.
Jewellery
 e - the ring "Pepni" {+Fly Str+4 Slay+3}
   (You found it on level 1 of the Lair of Beasts)

   [ring of flight]

   It affects your strength (+4).
   It affects your accuracy and damage with ranged weapons and melee attacks
   (+3).
   It lets you fly.
 f - a ring of positive energy
 t - a +6 ring of intelligence (right hand)
 U - a +6 ring of intelligence (left hand)
 V - an amulet of magic regeneration (around neck)
Wands
 u - a wand of iceblast (23)
 J - a wand of digging (5)
 K - a wand of paralysis (29)
Scrolls
 g - 7 scrolls of immolation
 h - 9 scrolls of fog
 i - 2 scrolls of amnesia
 j - a scroll of holy word
 l - 5 scrolls of fear
 n - 23 scrolls of teleportation
 r - 2 scrolls of summoning
 x - 7 scrolls of blinking
 I - 25 scrolls of identify
 R - 2 scrolls of magic mapping
 X - 2 scrolls of enchant armour
Potions
 d - 7 potions of cancellation
 m - 3 potions of berserk rage
 o - 6 potions of brilliance
 B - 12 potions of mutation
 C - 7 potions of might
 D - 18 potions of curing
 E - 6 potions of magic
 F - 8 potions of haste
 N - 9 potions of ambrosia
 P - 3 potions of invisibility
 S - 3 potions of heal wounds
Miscellaneous
 c - a tin of tremorstones (2/2)
 s - a condenser vane
 T - a phantom mirror


   Skills:
 + Level 15.2 Fighting
 + Level 14.0 Maces & Flails
 - Level 6.0 Armour
 + Level 12.1 Dodging
 - Level 2.1 Stealth
 - Level 4.0 Shields
 + Level 13.8 Spellcasting
 + Level 15.6 Conjurations
 - Level 0.7 Transmutations
 + Level 17.5 Fire Magic
 * Level 19.7 Earth Magic
 - Level 10.0 Evocations


You had 8 spell levels left.
You knew the following spells:

 Your Spells              Type           Power      Damage    Failure   Level
a - Shatter               Erth           55%        3d41*     11%         9
b - Stone Arrow           Conj/Erth      100%       3d13      0%          3
c - Lee's Rapid Deconstr  Erth           55%        3d27*     0%          5
d - Iron Shot             Conj/Erth      52%        9d10      1%          6
e - Bolt of Magma         Conj/Fire/Erth 52%        4d21      1%          5
f - Fireball              Conj/Fire      51%        3d20      1%          5
g - Ignition              Fire           52%        3d14      1%          8
h - Apportation           Tloc           52%        N/A       1%          1

Your spell library contained the following spells:

 Spells                   Type           Power      Damage    Failure   Level
 Lehudib's Crystal Spear  Conj/Erth      52%        10d12     1%          8
 Chain Lightning          Conj/Air       36%        N/A       61%         8
 Absolute Zero            Ice            13%        ∞         100%        9
 Foxfire                  Conj/Fire      100%       2x1d9     0%          1
 Magic Dart               Conj           100%       1d8       0%          1
 Sandblast                Erth           100%       2d20      0%          1
 Searing Ray              Conj           100%       3d7       0%          2
 Conjure Flame            Conj/Fire      100%       6-21      0%          3
 Sticky Flame             Conj/Fire      100%       2d11      0%          4
 Animate Skeleton         Necr           52%        N/A       1%          1
 Beastly Appendage        Tmut           64%        N/A       1%          1
 Corona                   Hex            28%        N/A       1%          1
 Pain                     Necr           100%       1d9       1%          1
 Shock                    Conj/Air       100%       1d9       1%          1
 Sting                    Tmut/Pois      100%       1d8       1%          1
 Summon Small Mammal      Summ           100%       N/A       1%          1
 Blink                    Tloc           N/A        N/A       1%          2
 Call Imp                 Summ           26%        N/A       1%          2
 Corpse Rot               Necr/Air       N/A        N/A       1%          2
 Passwall                 Tmut/Erth      68%        N/A       1%          2
 Poisonous Vapours        Pois/Air       52%        N/A       1%          2
 Slow                     Hex            26%        N/A       1%          2
 Swiftness                Air            26%        N/A       1%          2
 Wereblood                Tmut           32%        N/A       1%          2
 Dazzling Flash           Conj/Hex       100%       N/A       1%          3
 Ignite Poison            Fire/Tmut/Pois 65%        N/A       1%          3
 Inner Flame              Hex/Fire       77%        N/A       1%          3
 Mephitic Cloud           Conj/Pois/Air  61%        N/A       1%          3
 Static Discharge         Conj/Air       73%        N/A       1%          3
 Animate Armour           Summ/Erth      100%       N/A       1%          4
 Fulminant Prism          Conj/Hex       36%        3d18      1%          4
 Iskenderun's Mystic Bla  Conj/Tloc      73%        2d15      1%          4
 Leda's Liquefaction      Hex/Erth       40%        N/A       1%          4
 Petrify                  Tmut/Erth      82%        N/A       1%          4
 Irradiate                Conj/Tmut      37%        3d25      1%          5
 Lightning Bolt           Conj/Air       36%        1d54      1%          5
 Starburst                Conj/Fire      51%        8x6d14    1%          6
 Orb of Destruction       Conj           49%        9d15      1%          7
 Conjure Ball Lightning   Conj/Air       36%        3x3d12    2%          6
 Confusing Touch          Hex            26%        N/A       3%          3
 Gell's Gravitas          Tloc           13%        N/A       3%          3
 Portal Projectile        Hex/Tloc       52%        N/A       3%          3
 Spider Form              Tmut/Pois      14%        N/A       3%          3
 Vampiric Draining        Necr           13%        2d7       3%          3
 Airstrike                Air            13%        N/A       3%          4
 Olgreb's Toxic Radiance  Pois           26%        N/A       3%          4
 Freezing Cloud           Conj/Ice/Air   30%        6-21      6%          6
 Yara's Violent Unravell  Hex/Tmut       14%        3d7       9%          5
 Ice Form                 Ice/Tmut       29%        N/A       11%         4
 Animate Dead             Necr           13%        N/A       13%         4
 Cause Fear               Hex            13%        N/A       13%         4
 Passage of Golubria      Tloc           N/A        N/A       13%         4
 Summon Ice Beast         Ice/Summ       26%        N/A       13%         4
 Summon Lightning Spire   Summ/Air       26%        N/A       13%         4
 Blade Hands              Tmut           16%        N/A       26%         5
 Agony                    Necr           26%        N/A       34%         5
 Excruciating Wounds      Necr           13%        N/A       34%         5
 Metabolic Englaciation   Hex/Ice        13%        N/A       34%         5
 Silence                  Hex/Air        13%        N/A       34%         5
 Summon Forest            Summ/Tloc      13%        N/A       34%         5
 Summon Mana Viper        Hex/Summ       26%        N/A       34%         5
 Eringya's Noxious Bog    Tmut/Pois      14%        N/A       38%         6
 Hydra Form               Tmut           16%        N/A       82%         6
 Dispersal                Tloc           13%        N/A       89%         6
 Invisibility             Hex            26%        N/A       89%         6
 Shadow Creatures         Summ           N/A        N/A       89%         6
 Simulacrum               Ice/Necr       13%        N/A       89%         6
 Ozocubu's Refrigeration  Ice            13%        4d7       92%         7
 Dragon Form              Tmut           16%        N/A       100%        7
 Summon Hydra             Summ           13%        N/A       100%        7
 Discord                  Hex            13%        N/A       100%        8
 Fire Storm               Conj/Fire      51%        8d13      34%         9
 Tornado                  Air            13%        N/A       100%        9
 Statue Form              Tmut/Erth      Unusable   N/A       N/A         6

Dungeon Overview and Level Annotations

Branches:
Dungeon (15/15)            Temple (1/1) D:5            Lair (6/6) D:11
 Shoals (4/4) Lair:2        Snake (4/4) Lair:4        Slime (0/5) Lair:5
    Orc (2/2) D:9             Elf (3/3) Orc:2        Vaults (4/5) D:14
  Crypt (0/3) Vaults:3     Depths (0/5) D:15          Sewer (visited)
  IceCv (visited)

Altars:
Dithmenos
Elyvilon
Fedhas
Gozag
Hepliaklqana
Kikubaaqudgha
Makhleb
Nemelex Xobeh
Okawaru
Ru
Sif Muna
Trog
Uskayaw
Vehumet
Wu Jian
Xom
Yredelemnul
Zin
The Shining One
Beogh
Jiyva

Shops:
D:5 (?[*   D:9 =   D:15 =   Orc:2 ([::   Elf:1 (   Elf:2 [[::   Shoals:1 =
Snake:1 *(?[

Portals:
Abyss: Orc:2

Annotations:
Lair:2 1 runed translucent door, Qoihe's ghost, journeyman DrCj
Orc:2 2 transporters, Chiseanne's ghost, journeyman DsWn
Elf:2 5 runed translucent doors
Vaults:1 1 transporter
Vaults:4 Boris; Jory


Innate Abilities, Weirdness & Mutations

Your stone body is resilient. (AC +18)
You are immune to poison.
Your large and strong wings let you fly indefinitely.
You resist negative energy. (rN+)
You are resistant to electric shocks. (rElec)
You are resistance to unholy torment.
You can survive without breathing.
You are immune to petrification.
You are partially covered in icy blue scales. (AC +2)
You are partially covered in iridescent scales. (AC +2)
You have a somewhat thin skeletal structure. (Dex +2, Stealth)
Your mind is acute. (Int +2)
Your flesh is cold resistant. (rC+)
Your magical capacity is low. (-10% MP)


Message History

Unknown command.
Unknown command.
Casting: Shatter (dangerous; 11% risk of failure)
Confirm with . or Enter, or press ? or * to list all spells.
The dungeon rumbles!
You kill the vault warden!
Vehumet accepts your kill.
You feel your power returning.
You kill the vault warden!
Vehumet accepts your kill.
You feel your power returning.
Jory is moderately damaged.
Boris is severely damaged.
You kill the vault sentinel!
Vehumet accepts your kill.
You feel your power returning.
You kill the yaktaur!
Vehumet accepts your kill.
You feel your power returning.
You kill the yaktaur!
Vehumet accepts your kill.
You feel your power returning.
You kill the yaktaur!
Vehumet accepts your kill.
Ka-crash!
You hear an angry hiss.
You hear a shout!
Jory hits you with a +0 great sword!!
* * * LOW HITPOINT WARNING * * *
You block Jory's attack. Boris closely misses you.
Boris touches you but does no damage.
Your Maces & Flails skill increases to level 14!
Unknown command.
Unknown command.
Unknown command.
Casting: Shatter (dangerous; 11% risk of failure)
Confirm with . or Enter, or press ? or * to list all spells.
You miscast Shatter.
Nothing appears to happen.
A yaktaur comes into view.
Jory gestures at you while chanting. The crystal spear hits you!!!
You die...

...... ...... #
..)... . #.
.....####### .. #...
)........#...
#.....#.............#
#........[()........#
#.....#)[.@)........#
#.......[VL...#(....#
#....)....[...#.....#
..........[.........#
......).............#
##.............[....#
#...(.......[[)[[..#
#.))c...[...[[.)...#
#......)...)...)...#


You could see Jory (strong), Boris and a yaktaur.

Vanquished Creatures
  The ghost of Maemadut the Slayer, a veteran DrMo of Zin (Elf:3)
  Boris (Vaults:3)
  Saint Roka (Orc:2)
  Nikola (Shoals:1)
  A bone dragon (Abyss:2)
  Jorgrun (Snake:1)
  4 tentacled monstrosities (Elf:3)
  Rupert (Orc:2)
  2 deep elf blademasters (Elf:3)
  The ghost of Napalmbreeze the Warrior, an adept MiHu of Okawaru (Shoals:4)
  2 deep elf master archers (Elf:3)
  Gastronok (D:9)
  2 sphinxes
  A tentacled starspawn (Abyss:2)
  Frances (Shoals:1)
  A storm dragon (Vaults:1)
  A tengu reaver (Vaults:2)
  Kirke (D:15)
  Donald (Vaults:2)
  Roxanne (Elf:3)
  9 nagarajas
  A frost giant (Shoals:4)
  6 deep elf sorcerers
  11 vault wardens
  A balrug (Abyss:2)
  A fire giant (Vaults:4)
  2 cacodemons (Elf:3)
  6 deep elf elementalists
  Louise (Shoals:1)
  A very ugly thing (Vaults:1)
  10 ironheart preservers
  An ophan (Abyss:2)
  An angel (Abyss:2)
  A war gargoyle (Vaults:3)
  4 stone giants
  10 deep elf demonologists
  Azrael (Orc:2)
  8 deep elf annihilators (Elf:3)
  2 ettins
  Snorg (D:10)
  A merfolk javelineer (Shoals:4)
  12 deep elf death magi
  11 merfolk impalers
  A fire dragon (Vaults:2)
  A deep elf high priest (Elf:3)
  3 great orbs of eyes
  7 yaktaur captains
  13 vault guards
  2 ice dragons
  4 rakshasas
  25 naga warriors
  8 boulder beetles
  11 ogre magi
  2 catoblepae (Lair:6)
  12 hydras
  9 anacondas
  2 alligator snapping turtles
  6 centaur warriors
  A death knight (D:13)
  4 merfolk aquamancers
  26 two-headed ogres
  6 merfolk avatars
  A deep troll shaman (Vaults:4)
  2 tengu warriors (D:15)
  12 dancing weapons
  An orc high priest (Orc:2)
  2 shock serpents
  A hell knight (Vaults:3)
  20 large abominations
  16 deep elf knights
  A wretched star (Abyss:2)
  28 naga sharpshooters
  3 shadow wraiths
  2 death drakes (shapeshifter) (Vaults:2)
  3 salamander mystics
  7 sea snakes
  4 unseen horrors
  A glowing orange brain (D:15)
  15 skeletal warriors
  6 deep trolls
  A tengu zombie (Vaults:2)
  2 flayed ghosts
  12 naga ritualists
  15 deep elf archers
  An obsidian statue (Vaults:1)
  14 orc knights
  2 necromancers
  14 ironbrand convokers
  A wizard (Vaults:3)
  23 harpies
  31 deep elf pyromancers
  2 spectral merfolk (Shoals:4)
  22 deep elf zephyrmancers
  An oklob plant (Lair:2)
  8 mana vipers
  An orb spider (shapeshifter) (D:15)
  A stone giant zombie (Vaults:2)
  3 wolf spiders
  4 cyclopes
  10 orc sorcerers
  A cyclops (shapeshifter) (D:15)
  14 fauns
  32 ugly things
  12 manticores
  9 salamanders
  A worldbinder (Abyss:2)
  A guardian serpent (shapeshifter) (Vaults:3)
  10 merfolk sirens
  9 vault sentinels
  5 water nymphs
  6 elephants (Lair:5)
  45 black mambas
  3 ice statues (IceCv)
  10 guardian serpents
  3 smoke demons (Abyss:2)
  16 naga magi
  8 cane toads
  A kobold demonologist (D:11)
  7 rime drakes
  3 freezing wraiths
  An efreet (Abyss:2)
  6 komodo dragons
  31 yaktaurs
  2 red devils (Abyss:2)
  An ancient zyme (Abyss:2)
  21 merfolk
  9 trolls
  10 wind drakes
  5 polar bears
  3 meliai (shapeshifter)
  Grinder (D:4)
  4 blink frogs (Lair:6)
  11 hornets
  2 wind drakes (shapeshifter)
  20 slime creatures
  A spectral manticore (Shoals:4)
  3 raiju (Abyss:2)
  A raiju (shapeshifter) (Vaults:1)
  9 snapping turtles
  9 dream sheep
  A frost giant simulacrum (Vaults:3)
  3 starcursed masses (Abyss:2)
  12 spriggans (Lair:6)
  A shadow (D:13)
  2 air elementals (Elf:1)
  2 wyverns
  Eustachio (D:4)
  7 small abominations (Abyss:2)
  2 fire elementals (Orc:1)
  3 wraiths
  16 water elementals
  2 basilisks
  51 yaks
  Grum (D:9)
  A hog (shapeshifter) (D:15)
  An alligator snapping turtle simulacrum (Shoals:4)
  A golden eye (shapeshifter) (D:15)
  2 hogs (D:15)
  A deep troll zombie (Vaults:2)
  9 wargs
  Menkaure (D:5)
  A harpy simulacrum (Shoals:4)
  73 nagas
  A soldier ant (shapeshifter) (Vaults:2)
  Edmund (D:5)
  21 water moccasins
  Duvessa (D:5)
  4 acid dragons
  5 hell hounds
  60 orc warriors
  3 sky beasts
  A black bear (shapeshifter) (Elf:1)
  9 black bears
  8 ice beasts
  37 wolves
  An ogre (shapeshifter) (Elf:3)
  9 boggarts
  27 centaurs
  22 ogres
  3 phantoms
  A wind drake simulacrum (Shoals:4)
  3 kobold brigands (Sewer)
  Blork the orc (D:5)
  20 bullfrogs
  A wyvern zombie (D:9)
  4 elf zombies (Elf:1)
  A deep troll simulacrum (Vaults:2)
  A human simulacrum (Vaults:3)
  Dowan (D:5)
  5 earth elementals
  5 merfolk simulacra (Shoals:4)
  A wyvern skeleton (D:8)
  2 scorpions
  A killer bee (shapeshifter) (Elf:3)
  22 killer bees
  14 wights
  2 howler monkeys
  4 electric eels
  A bullfrog zombie (D:9)
  A centaur zombie (D:5)
  3 hounds
  3 quasits
  4 jellies
  A bullfrog skeleton (D:8)
  5 centaur skeletons
  37 orc priests
  Crazy Yiuf (D:6)
  6 iguanas
  An iguana (shapeshifter) (Elf:3)
  38 orc wizards
  7 worker ants
  A hound zombie (D:7)
  A worker ant zombie (D:5)
  7 gnolls
  A howler monkey skeleton (D:4)
  A river rat (shapeshifter) (Elf:3)
  18 adders
  3 river rats (D:6)
  4 white imps
  2 ufetubi
  2 oozes (Sewer)
  An adder skeleton (D:4)
  2 adder zombies (D:7)
  5 worms
  9 leopard geckos
  184 orcs
  4 ball pythons (Sewer)
  A giant cockroach (shapeshifter) (Elf:3)
  6 giant cockroaches
  4 goblins
  5 hobgoblins
  3 jackals
  14 kobolds
  6 quokkas
  2 quokkas (shapeshifter) (Elf:3)
  8 bats
  6 frilled lizards
  A giant cockroach zombie (D:6)
  2 leopard gecko skeletons
  A quokka zombie (D:8)
  19 rats
1837 creatures vanquished.

Vanquished Creatures (others)
  A naga sharpshooter (Snake:4)
  2 deep elf zephyrmancers
  2 fauns (Shoals:1)
  A red devil (Abyss:2)
  2 humans (D:15)
  17 fungi
  63 plants
88 creatures vanquished.

Grand Total: 1925 creatures vanquished

Notes
Turn   | Place    | Note
-------+----------+-------------------------------------------
     0 | D:1      | Garvin the Gargoyle Earth Elementalist began the quest for
                  | the Orb.
     0 | D:1      | Reached XP level 1. HP: 10/10 MP: 3/3
   657 | D:1      | Reached XP level 2. HP: 15/15 MP: 5/5
   867 | D:1      | Reached skill level 4 in Earth Magic
  1187 | D:2      | Noticed a moth of wrath
  1468 | D:2      | Reached XP level 3. HP: 13/19 MP: 6/6
  1494 | D:2      | Learned a level 3 spell: Stone Arrow
  2235 | D:2      | Found a bloodstained altar of Trog.
  2549 | D:3      | Reached skill level 1 in Conjurations
  2564 | D:3      | Reached XP level 4. HP: 21/24 MP: 6/8
  2679 | D:3      | Found a faded altar of an unknown god.
  2824 | D:3      | Gained mutation: Your flesh is cold resistant. (rC+)
                  | [potion of mutation]
  2824 | D:3      | Gained mutation: You evolve. [potion of mutation]
  2920 | D:3      | Reached skill level 5 in Earth Magic
  3158 | D:3      | Reached XP level 5. HP: 24/28 MP: 9/9
  3164 | D:3      | Learned a level 5 spell: Lee's Rapid Deconstruction
  3324 | D:4      | Found a burning altar of Makhleb.
  3436 | D:4      | Noticed Grinder
  3444 | D:4      | Killed Grinder
  3445 | D:4      | Reached XP level 6. HP: 32/32 MP: 3/12
  3631 | D:4      | Found a blossoming altar of Fedhas.
  3632 | D:4      | Found a shimmering blue altar of Sif Muna.
  3633 | D:4      | Found a bloodstained altar of Trog.
  3633 | D:4      | Found a glowing golden altar of the Shining One.
  3634 | D:4      | Found an ornate altar of the Wu Jian Council.
  3635 | D:4      | Found a hazy altar of Hepliaklqana.
  3636 | D:4      | Found the ring of the Octopus King
  3685 | D:4      | Identified a ring of the Octopus King {rC+ AC+1 EV+1 Str+1
                  | Int+1 Dex+1}
  3736 | D:4      | Noticed Eustachio
  3745 | D:4      | Reached skill level 6 in Earth Magic
  3745 | D:4      | Killed Eustachio
  3746 | D:4      | Reached XP level 7. HP: 31/36 MP: 1/13
  4089 | D:4      | Reached skill level 1 in Fighting
  4089 | D:4      | Reached skill level 5 in Spellcasting
  4089 | D:4      | Reached skill level 7 in Earth Magic
  4089 | D:4      | Reached XP level 8. HP: 34/43 MP: 15/15
  4168 | D:4      | Identified the +6 buckler "Icueset" {*Contam +Fly rElec
                  | Slay+5}
  4445 | D:5      | Entered Level 5 of the Dungeon
  4446 | D:5      | Noticed Blork the orc
  4448 | D:5      | Killed Blork the orc
  4449 | D:5      | Reached skill level 1 in Shields
  4494 | D:5      | Noticed Menkaure
  4501 | D:5      | Killed Menkaure
  4745 | D:5      | Reached skill level 1 in Armour
  4764 | D:5      | Noticed Duvessa
  4766 | D:5      | Noticed Dowan
  4775 | D:5      | Noticed Edmund
  4792 | D:5      | Killed Duvessa
  4793 | D:5      | Reached skill level 1 in Maces & Flails
  4793 | D:5      | Reached skill level 1 in Evocations
  4809 | D:5      | Killed Edmund
  4819 | D:5      | Killed Dowan
  4820 | D:5      | Reached skill level 5 in Conjurations
  5146 | D:5      | Found a staircase to the Ecumenical Temple.
  5152 | Temple   | Entered the Ecumenical Temple
  5230 | Temple   | Became a worshipper of Vehumet
  5349 | D:5      | Found Adorch's Armour Shop.
  5375 | D:5      | Found Laomniti's Magic Scroll Shoppe.
  5409 | D:5      | Reached XP level 9. HP: 48/48 MP: 9/16
  5424 | D:5      | Bought a scroll of teleportation for 42 gold pieces
  5424 | D:5      | Bought a scroll of blinking for 105 gold pieces
  5424 | D:5      | Bought a scroll of identify for 28 gold pieces
  5424 | D:5      | Bought a scroll of identify for 28 gold pieces
  5424 | D:5      | Bought a scroll of identify for 28 gold pieces
  5424 | D:5      | Bought a scroll of blinking for 105 gold pieces
  5529 | D:5      | Gained mutation: You are partially covered in iridescent
                  | scales. (AC +2) [evolution]
  5599 | D:5      | Found Weklapn's Weapon Shoppe.
  5852 | D:5      | Found Teeg's General Store.
  6254 | D:6      | Found a glowing drain.
  6260 | Sewer    | Entered a sewer
  6451 | Sewer    | Reached * piety under Vehumet
  6451 | Sewer    | Offered knowledge of Shock by Vehumet.
  6884 | D:6      | Found a runed translucent door.
  6885 | D:6      | Noticed Crazy Yiuf
  6891 | D:6      | Killed Crazy Yiuf
  7743 | D:7      | You fall into a shaft and drop 3 floors!
  7743 | D:10     | Entered Level 10 of the Dungeon
  7780 | D:10     | Reached ** piety under Vehumet
  7780 | D:10     | Offered knowledge of Foxfire by Vehumet.
  7853 | D:10     | Reached skill level 8 in Earth Magic
  7902 | D:9      | Noticed a troll
  7917 | D:10     | Reached XP level 10. HP: 41/56 MP: 16/18
  8180 | D:9      | Offered knowledge of Ignite Poison by Vehumet.
  8312 | D:8      | Found a white marble altar of Elyvilon.
  8336 | D:8      | Reached *** piety under Vehumet
  8487 | D:7      | Offered knowledge of Fulminant Prism by Vehumet.
  8559 | D:7      | Gained mutation: You expend magic power (3 MP) to
                  | strengthen your wands. [evolution]
  8740 | D:7      | Identified the +3 ring mail of Fortitude {rC+}
  8745 | D:7      | Identified the +0 ring mail of Action {Str+8}
  8931 | D:8      | Reached **** piety under Vehumet
  8998 | D:8      | Offered knowledge of Static Discharge by Vehumet.
  9384 | D:9      | Noticed Gastronok
  9441 | D:9      | Noticed Grum
  9463 | D:9      | Killed Grum
  9700 | D:9      | Killed Gastronok
  9701 | D:9      | Reached skill level 5 in Fighting
  9701 | D:9      | Reached skill level 5 in Armour
  9701 | D:9      | Reached skill level 9 in Earth Magic
  9701 | D:9      | Reached XP level 11. HP: 34/64 MP: 2/21
  9933 | D:9      | Found a staircase to the Orcish Mines.
 10099 | D:9      | Found Icos's Jewellery Shoppe.
 10118 | D:9      | Found a hide-covered altar of Uskayaw.
 10529 | D:10     | Reached skill level 5 in Maces & Flails
 10535 | D:10     | Reached ***** piety under Vehumet
 10882 | D:11     | Offered knowledge of Starburst by Vehumet.
 10892 | D:11     | Learned a level 6 spell: Starburst
 10918 | D:11     | Noticed a white ugly thing
 11088 | D:11     | Killed a white ugly thing
 11152 | D:11     | Found a staircase to the Lair.
 11178 | D:11     | Reached skill level 1 in Fire Magic
 11351 | D:11     | Noticed a purple ugly thing
 11358 | D:11     | Killed a purple ugly thing
 11362 | D:11     | Reached skill level 5 in Dodging
 11382 | D:11     | Noticed an unseen horror
 11389 | D:11     | Killed an unseen horror
 11390 | D:11     | Reached XP level 12. HP: 71/71 MP: 10/22
 11517 | D:11     | Reached skill level 5 in Evocations
 11782 | D:11     | Noticed a two-headed ogre
 11788 | D:11     | Killed a two-headed ogre
 12340 | D:12     | Reached skill level 10 in Earth Magic
 13121 | D:12     | Gained mutation: Your flesh is heat resistant. (rF+)
                  | [evolution]
 13533 | D:13     | Learned a level 5 spell: Fireball
 13622 | D:13     | Noticed a death knight
 13626 | D:13     | Killed a death knight
 13710 | D:13     | Reached skill level 5 in Fire Magic
 14236 | D:14     | Noticed a six-headed hydra
 14240 | D:14     | Noticed an eight-headed hydra
 14354 | D:14     | Noticed a vault guard
 14358 | D:14     | Killed a six-headed hydra
 14362 | D:13     | Killed an eight-headed hydra
 14548 | D:14     | Noticed a vault guard
 14548 | D:14     | Noticed an eight-headed hydra
 14553 | D:14     | Killed an eight-headed hydra
 14553 | D:14     | Offered knowledge of Olgreb's Toxic Radiance by Vehumet.
 14561 | D:13     | Killed a vault guard
 14562 | D:13     | Reached XP level 13. HP: 68/76 MP: 8/25
 14673 | D:13     | Killed a vault guard
 14859 | D:14     | Noticed a vault guard
 14864 | D:14     | Killed a vault guard
 15081 | D:14     | Noticed a vault guard
 15171 | D:14     | Noticed a vault guard
 15374 | D:13     | Killed a vault guard
 15400 | D:14     | Killed a vault guard
 15401 | D:14     | Reached skill level 11 in Earth Magic
 15493 | D:14     | Noticed a vault guard
 15499 | D:14     | Noticed a vault guard
 15502 | D:14     | Killed a vault guard
 15514 | D:14     | Killed a vault guard
 15634 | D:14     | Found a gate to the Vaults.
 15676 | D:14     | Identified the +1 pair of gloves of Complete Protection
                  | {rC++}
 15698 | D:14     | Noticed a vault guard
 15706 | D:14     | Killed a vault guard
 15989 | D:14     | Found a shadowy altar of Dithmenos.
 16241 | Lair:1   | Entered Level 1 of the Lair of Beasts
 16268 | Lair:1   | Identified the ring "Pepni" {+Fly Str+4 Slay+3}
 17169 | Lair:2   | Found a frozen archway.
 17180 | Lair:2   | Gained mutation: Your large and strong wings let you fly
                  | indefinitely. [Gargoyle growth]
 17180 | Lair:2   | Reached XP level 14. HP: 59/84 MP: 18/26
 17190 | IceCv    | Entered an ice cave
 17918 | Lair:2   | Found a staircase to the Shoals.
 18050 | Lair:2   | Found a runed translucent door.
 18050 | Lair:2   | Found a shimmering altar of Xom.
 18050 | Lair:2   | Noticed Qoihe's ghost (journeyman DrCj)
 18096 | Lair:2   | Identified the +7 fire dragon scales "Rutyecap" {Harm rPois
                  | rF++ rC- Will+ Int-2}
 19248 | Lair:3   | Lost mutation: Your flesh is heat resistant. (rF+)
                  | [evolution]
 19446 | Lair:3   | Reached skill level 10 in Conjurations
 20509 | Lair:4   | Found a staircase to the Snake Pit.
 21729 | Lair:5   | Found a viscous altar of Jiyva.
 21729 | Lair:5   | Found a staircase to the Slime Pits.
 22199 | Lair:6   | Entered Level 6 of the Lair of Beasts
 22420 | Lair:6   | Reached skill level 12 in Earth Magic
 22435 | Lair:6   | Reached ****** piety under Vehumet
 22435 | Lair:6   | Offered knowledge of Iron Shot by Vehumet.
 22449 | Lair:6   | Gained mutation: You are partially covered in icy blue
                  | scales. (AC +2) [evolution]
 22456 | Lair:6   | Learned a level 6 spell: Iron Shot
 22579 | Lair:6   | Reached XP level 15. HP: 88/90 MP: 26/28
 22585 | Lair:6   | Reached XP level 16. HP: 89/96 MP: 27/29
 23890 | D:10     | Noticed Snorg
 23895 | D:10     | Killed Snorg
 23998 | Orc:1    | Entered Level 1 of the Orcish Mines
 24033 | Orc:1    | Offered knowledge of Bolt of Magma by Vehumet.
 24040 | Orc:1    | Learned a level 5 spell: Bolt of Magma
 24446 | Orc:2    | Entered Level 2 of the Orcish Mines
 24446 | Orc:2    | Found a transporter.
 24500 | Orc:2    | Noticed Azrael
 24806 | Orc:2    | Killed Azrael
 24869 | Orc:2    | Found a transporter.
 24931 | Orc:2    | Found Apheveuf's Book Shop.
 24995 | Orc:2    | Identified the +6 glaive "Iston" {distort, Stlth+}
 25053 | Orc:2    | Found a staircase to the Elven Halls.
 25180 | Orc:1    | Offered knowledge of Ozocubu's Refrigeration by Vehumet.
 25454 | Orc:2    | Found Jadoup's Book Shop.
 25672 | Orc:2    | Noticed Rupert
 25672 | Orc:2    | Paralysed by Rupert for 3 turns
 25677 | Orc:2    | Killed Rupert
 25755 | Orc:2    | Found a one-way gate to the infinite horrors of the Abyss.
 26057 | Orc:2    | Reached skill level 10 in Fighting
 26058 | Orc:2    | Noticed Saint Roka
 26078 | Orc:2    | Noticed Chiseanne's ghost (journeyman DsWn)
 26186 | Orc:2    | Killed Saint Roka
 26319 | Orc:2    | Reached XP level 17. HP: 102/102 MP: 30/30
 26330 | Orc:2    | Learned a level 8 spell: Ignition
 26374 | Orc:2    | Found Roitt's Antique Weapon Boutique.
 26382 | Orc:2    | Found Idiasana's Antique Armour Shop.
 26407 | Orc:2    | Bought a runed eveningstar for 378 gold pieces
 26847 | D:15     | Entered Level 15 of the Dungeon
 26847 | D:15     | Noticed Kirke
 26852 | D:15     | Killed Kirke
 27515 | D:15     | Found a sparkling altar of Nemelex Xobeh.
 27558 | D:15     | Reached skill level 10 in Spellcasting
 27589 | D:15     | Reached XP level 18. HP: 59/108 MP: 8/32
 27725 | D:15     | Found Yluosud's Jewellery Shoppe.
 27867 | D:15     | Found a staircase to the Depths.
 27902 | D:15     | Offered knowledge of Freezing Cloud by Vehumet.
 28833 | Snake:1  | Entered Level 1 of the Snake Pit
 28844 | Snake:1  | Noticed Jorgrun
 28846 | Snake:1  | Reached skill level 13 in Earth Magic
 29186 | Snake:1  | Killed Jorgrun
 29411 | Snake:1  | Found Lafrof's General Store.
 29419 | Snake:1  | Bought a potion of curing for 30 gold pieces
 29419 | Snake:1  | Bought a scroll of teleportation for 30 gold pieces
 29419 | Snake:1  | Bought a scroll of identify for 20 gold pieces
 29420 | Snake:1  | Found Sekhliri's Antique Weapon Shoppe.
 29582 | Snake:1  | Found Cistys Egar's Magic Scroll Boutique.
 29595 | Snake:1  | Found Guuczaschy's Antique Armour Emporium.
 30348 | Snake:2  | Offered knowledge of Spellforged Servitor by Vehumet.
 30370 | Snake:2  | Reached skill level 10 in Maces & Flails
 30893 | Snake:2  | Gained mutation: You are frail. (-10% HP) [evolution]
 30893 | Snake:2  | Lost mutation: You evolve. [end of evolution]
 31761 | Snake:3  | Offered knowledge of Lehudib's Crystal Spear by Vehumet.
 31761 | Snake:3  | Offered knowledge of Chain Lightning by Vehumet.
 31761 | Snake:3  | Offered knowledge of Absolute Zero by Vehumet.
 31940 | Snake:3  | Reached XP level 19. HP: 103/103 MP: 17/33
 32232 | Snake:4  | Entered Level 4 of the Snake Pit
 33195 | Snake:4  | Reached skill level 14 in Earth Magic
 33918 | Snake:4  | Reached skill level 10 in Evocations
 33921 | Snake:4  | Reached skill level 15 in Fire Magic
 34313 | Snake:4  | Identified a scroll of acquirement
 34313 | Snake:4  | Acquired 791 gold pieces
 34551 | Snake:4  | Got a serpentine rune of Zot
 34979 | Shoals:1 | Entered Level 1 of the Shoals
 35075 | Shoals:1 | Noticed Nikola
 35082 | Shoals:1 | Reached XP level 20. HP: 88/109 MP: 27/35
 35084 | Shoals:1 | Killed Nikola
 35291 | Shoals:1 | Identified the Disquisition on the Glacial Compass
 35305 | Shoals:1 | Noticed Frances
 35329 | Shoals:1 | Killed Frances
 35482 | Shoals:1 | Found Veahyfux's Jewellery Emporium.
 35669 | Shoals:1 | Noticed Louise
 35674 | Shoals:1 | Killed Louise
 38347 | Shoals:4 | Entered Level 4 of the Shoals
 38369 | Shoals:4 | Reached skill level 15 in Earth Magic
 38387 | Shoals:4 | Reached skill level 10 in Dodging
 39083 | Shoals:4 | Found a runed translucent gate.
 39083 | Shoals:4 | Found a runed translucent gate.
 39083 | Shoals:4 | Found a runed translucent gate.
 39084 | Shoals:4 | Noticed Napalmbreeze's ghost (adept MiHu)
 39095 | Shoals:4 | Killed Napalmbreeze's ghost
 39289 | Shoals:4 | Identified the ring of Motador {rC- Str+3 Int+4 Dex+3 SInv}
 39374 | Shoals:4 | Got a barnacled rune of Zot
 39834 | Elf:1    | Entered Level 1 of the Elven Halls
 39892 | Elf:1    | Reached XP level 21. HP: 115/115 MP: 18/36
 39997 | Elf:1    | Found Vairpheetz's Antique Weapon Shoppe.
 40412 | Elf:1    | Identified the Incunabulum of Unholy Secrets
 41167 | Elf:2    | Reached skill level 16 in Earth Magic
 41177 | Elf:2    | Found Ifyr's Book Shoppe.
 41177 | Elf:2    | Found Zoremn's Armour Emporium.
 41179 | Elf:2    | Found Dusytwaw's Armour Emporium.
 41192 | Elf:2    | Found Koilagis's Book Shoppe.
 41963 | Elf:2    | Found a huge runed translucent gate.
 41963 | Elf:2    | Found a huge runed translucent gate.
 41963 | Elf:2    | Found a huge runed translucent gate.
 41966 | Elf:2    | Found a huge runed translucent gate.
 41967 | Elf:2    | Found a huge runed translucent gate.
 42041 | Elf:3    | Entered Level 3 of the Elven Halls
 42401 | Elf:3    | Noticed Roxanne
 42404 | Elf:3    | Killed Roxanne
 42923 | Elf:3    | Found a runed translucent gate.
 42923 | Elf:3    | Found a runed translucent gate.
 42926 | Elf:3    | Found a runed translucent gate.
 43000 | Elf:3    | Found a runed translucent gate.
 43000 | Elf:3    | Found a runed translucent gate.
 43007 | Elf:3    | Found a runed translucent gate.
 43013 | Elf:3    | Noticed Maemadut's ghost (veteran DrMo)
 43031 | Elf:3    | Gained mutation: You are agile. (Dex +2) [a cacodemon]
 43032 | Elf:3    | Gained mutation: Scrolls take you a little longer to read.
                  | [a cacodemon]
 43043 | Elf:3    | Killed Maemadut's ghost
 43099 | Elf:3    | Learned a level 1 spell: Apportation
 43103 | Elf:3    | Identified the +0 cloak "Dicas" {rN++ Dex-4}
 43623 | Elf:3    | Identified the ring of the Invisible Hand {rC+ EV+4}
 43654 | Elf:3    | Reached XP level 22. HP: 104/122 MP: 13/38
 43681 | Elf:3    | Identified the +1 leather armour "Ebifoit" {-Tele rC++
                  | Will+}
 43960 | Elf:3    | Reached skill level 17 in Earth Magic
 44211 | Elf:3    | Cast into level 2 of the Abyss (a deep elf demonologist)
 44453 | Elf:3    | Escaped the Abyss
 44758 | Elf:3    | Lost mutation: Scrolls take you a little longer to read.
                  | [potion of mutation]
 44758 | Elf:3    | Lost mutation: You expend magic power (3 MP) to strengthen
                  | your wands. [potion of mutation]
 44758 | Elf:3    | Lost mutation: You are agile. (Dex +2) [potion of mutation]
 44758 | Elf:3    | Lost mutation: You are frail. (-10% HP) [potion of
                  | mutation]
 44758 | Elf:3    | Gained mutation: Your mind is acute. (Int +2) [potion of
                  | mutation]
 44758 | Elf:3    | Gained mutation: Your magical capacity is low. (-10% MP)
                  | [potion of mutation]
 44758 | Elf:3    | Gained mutation: You have a somewhat thin skeletal
                  | structure. (Dex +2, Stealth) [potion of mutation]
 45012 | Elf:3    | Found the +2 hood of the Assassin {Detection Stab+ Stlth++}
 45015 | Elf:3    | Found the +1 cloak of Starlight {*Dazzle EV+4 Stlth--}
 45037 | Elf:3    | Identified the +0 pair of boots of the Insatiable Portals
                  | {+Blink Will- Dex+7 Stlth+}
 46396 | Vaults:1 | Entered Level 1 of the Vaults
 46756 | Vaults:1 | Learned a level 9 spell: Shatter
 47024 | Vaults:1 | Reached skill level 18 in Earth Magic
 47661 | Vaults:1 | Reached XP level 23. HP: 142/142 MP: 36/36
 48155 | Vaults:1 | Found a transporter.
 48250 | Vaults:1 | Found a transporter.
 48885 | Vaults:2 | Reached skill level 15 in Conjurations
 49787 | Vaults:2 | Identified the Catalogue of Attacks and the Volcanoes
 50088 | Vaults:2 | Found an opulent altar of Gozag.
 50313 | Vaults:3 | Reached skill level 19 in Earth Magic
 50340 | Vaults:3 | Paralysed by a sphinx for 5 turns
 50680 | Vaults:3 | Noticed Donald
 50686 | Vaults:3 | Noticed Boris
 50692 | Vaults:2 | Killed Donald
 50719 | Vaults:3 | Killed Boris
 51289 | Vaults:3 | Found a staircase to the Crypt.
 51290 | Vaults:3 | Found an ancient bone altar of Kikubaaqudgha.
 51299 | Vaults:3 | Reached XP level 24. HP: 141/149 MP: 29/36
 51411 | Vaults:3 | Reached skill level 15 in Fighting
 52449 | Vaults:4 | Noticed Boris
 52453 | Vaults:4 | Noticed Jory
 52831 | Vaults:4 | Killed from afar by Jory

Illustrated notes

Levels and vault maps discovered:
D:1:      dpeg_arrival_brainrot, layout_loops_ring
D:2:      layout_basic, tgw_trog
D:3:      layout_basic, chequers_ecumenical_altar_twisty
D:4:      minmay_chambers_of_threes, layout_basic, grunt_temple_overflow_open,
          serial_glass, glass_columns_b, glass_columns_a, uniq_grinder,
          uniq_eustachio
D:5:      layout_loops_corners, minmay_temple_entry_wispy, serial_shops,
          nicolae_shop_statue_plus, kennysheep_mini, kennysheep_little_box,
          kennysheep_mini_moat, serial_rivers, chequers_serial_rivers_micro_e,
          chequers_serial_rivers_marsh, chequers_serial_rivers_large_b,
          chequers_serial_rivers_room_a, chequers_serial_rivers_small_3,
          uniq_duvessa, uniq_blork_the_orc, uniq_menkaure, uniq_edmund
D:6:      layout_basic, lightli_sewer_entry_pipes, uniq_crazy_yiuf_cottage
D:7:      layout_cave_pools
D:8:      layout_rooms, kennysheep_ying_yang, nrook_campfire, item_on_display_a
D:9:      layout_basic, hiddenorc1_lemuel, basic_altar, serial_shops, shop,
          uniq_grum, uniq_gastronok
D:10:     layout_loops_ring, kennysheep_decorative_pillar,
          kennysheep_small_circle, uniq_snorg
D:11:     layout_basic, erik_lair_orcish_takeover
D:12:     layout_gridville
D:13:     layout_basic, hex_medium
D:14:     layout_cross, erik_vaults_2, serial_column_ruins,
          column_ruins_temple_circle, column_ruins_hut_water,
          column_ruins_open_small, column_ruins_grid_4, column_ruins_columns_T,
          grunt_decor_arrowhead
D:15:     gammafunk_enter_depths_forms, layout_loops_corners,
          kennysheep_flooded_box, special_room [special_room_orc], serial_shops,
          shop, serial_bayou_pond_a, uniq_kirke
Temple:   dshaligram_water_room_temple
Lair:1:   layout_chaotic_city, grunt_megastairs_3, serial_bayou_shore_a
Lair:2:   layout_roguey, shoals_dummy_entry, ebering_ghost_xom,
          portal_ice_cave_rime, minmay_lair_oklob_items, grunt_megastairs_5,
          infiniplex_staircase_pool_2
Lair:3:   layout_cave_pods, beast_lair_carwin_7, serial_bayou_shore_b
Lair:4:   layout_layer_cave, minmay_snake_entry_guardpost_medium
Lair:5:   layout_loops_ring, dpeg_slime_entry_enclosed_altar,
          nicolae_quartered_pool_medium
Lair:6:   minmay_lair_end_enchanted_forest, layout_gridlike
Shoals:1: layout_shoals, serial_shops, shop, uniq_nikola, uniq_frances,
          uniq_louise
Shoals:2: cheibrodos_shoals_roost, layout_shoals
Shoals:3: layout_shoals
Shoals:4: shoals_end_grunt_ice, layout_shoals, gammafunk_ghost_necromancy
Snake:1:  layout_cave_shapes, serial_shops, shop, shop, shop, shop_fountains,
          lemuel_fruit_tree, uniq_jorgrun
Snake:2:  layout_gridlike, hangedman_snake_corridor_split
Snake:3:  layout_rooms
Snake:4:  grunt_snake_rune_spirals, layout_onion_interference
Orc:1:    layout_caves
Orc:2:    grunt_orc_community_town_hall, layout_diamond_mine,
          grunt_orc_community_big_house_1, grunt_orc_community_big_house_2,
          grunt_orc_community_house_1, grunt_orc_community_house_3,
          grunt_orc_community_house_3, grunt_orc_community_house_1,
          grunt_orc_community_house_2, grunt_orc_community_house_3,
          gammafunk_ghost_abyssal_escape, uniq_rupert, uniq_azrael
Elf:1:    elf_arrival_002, layout_gridlike, serial_shops,
          nicolae_shop_waterfront, minmay_elf_necromancy, grunt_ministairs_2
Elf:2:    layout_geoelf_diagonals, grunt_megastairs_4, minmay_shoptagon
Elf:3:    grunt_elf_hall_asides, layout_loops_corners,
          ploomutoo_gammafunk_ghost_potion_laboratory, uniq_roxanne
Vaults:1: nicolae_vaults_network_periphery, nicolae_vaults_bisected_exclaves,
          grunt_vaults_swirl, gammafunk_sealed_arena, vaults_mumra_chevron,
          hangedman_vaults_corner, vaults_room_semicircle, vaults_room_corners,
          vaults_dpeg_diagonal, v_alt_pattern_5, v_misc_23,
          hangedman_vaults_stretched_pinwheel, nicolae_vaults_little_squares_2,
          nicolae_vaults_asterisk, layout_vaults_omnibox
Vaults:2: dpeg_vaults_monster_row, nicolae_vaults_network_barrier, v_rooms_6,
          v_alt_pattern_2, ontoclasm_vaults_eye,
          nicolae_vaults_little_squares_6, vaults_mumra_minichess_inversion,
          nicolae_vaults_little_squares_6, hangedman_vaults_corner_blocks,
          layout_vaults_omnigrid, basic_altar
Vaults:3: nicolae_vaults_network_square, v_misc_33,
          ontoclasm_vaults_claustrophobia, minmay_crypt_entry_necro_gods,
          vaults_room_large_hall, v_misc_3, vaults_room_door_hall,
          vaults_room_stairs_pillars, nicolae_vaults_c_with_doors,
          vaults_room_pools, ontoclasm_vaults_ring_square,
          nicolae_vaults_little_squares_6, nicolae_vaults_what_the_h,
          ontoclasm_vaults_hangar, vaults_room_pool, layout_vaults_maze,
          uniq_donald, uniq_boris
Vaults:4: vaults_dpeg_ring, nicolae_vaults_mini_display_case,
          hangedman_vaults_restitches, v_rooms_6, nicolae_vaults_statue_guard,
          vaults_room_ringed_pool, v_misc_13, v_misc_15, v_alt_pattern_6,
          ontoclasm_vaults_loading_screen, ontoclasm_vaults_ring_square,
          hangedman_vaults_stretched_pinwheel, layout_vaults_big_room,
          serial_shops, shop, uniq_jory

Skill      XL: |  1  2  3  4  5  6  7  8  9 10 11 12 13 14 15 16 17 18 19 20 21 22 23 24 |
---------------+-------------------------------------------------------------------------+-----
Earth Magic    | 4 5 6 7 8 9 10 11 12 13 14 15 16 18 19 | 19.7
Conjurations   | 1 3 4 5 6 7 8 9 10 11 12 13 14 15 | 15.6
Spellcasting   | 3 4 5 6 7 8 9 10 11 12 13 | 13.8
Fighting       | 1 2 3 5 6 7 8 9 10 11 12 13 14 15 | 15.2
Shields        | 4 |  4.0
Armour         | 2 3 5 6 |  6.0
Maces & Flails | 1 3 4 5 6 7 8 9 10 11 12 13 14 | 14.0
Dodging        | 2 3 4 5 6 7 8 9 10 11 12 | 12.1
Evocations     | 1 2 4 5 6 7 8 9 10 | 10.0
Fire Magic     | 3 5 7 9 11 13 14 15 16 17 | 17.5
Stealth        | |  2.1
Transmutations | |  0.7

Action                   |  1- 3 |  4- 6 |  7- 9 | 10-12 | 13-15 | 16-18 | 19-21 | 22-24 || total
-------------------------+-------+-------+-------+-------+-------+-------+-------+-------++-------
Melee: Unarmed           |     6 |       |       |       |       |       |       |       ||     6
       Short sword       |   100 |       |       |       |       |       |       |       ||   100
       Quarterstaff      |    18 |       |       |       |       |       |       |       ||    18
       Falchion          |     6 |   106 |   296 |   499 |   293 |       |       |       ||  1200
       Flail             |       |       |       |       |    98 |   911 |   672 |       ||  1681
       Eveningstar       |       |       |       |       |       |       |   190 |   518 ||   708
Throw: Throwing net      |       |       |       |       |       |       |     3 |       ||     3
 Cast: Sandblast         |    18 |     8 |    17 |    19 |    38 |     6 |     6 |     3 ||   115
       Lee's Rapid Decon |       |     2 |     3 |    28 |    20 |    23 |     8 |     7 ||    91
       Stone Arrow       |       |       |     4 |    51 |    94 |     2 |       |       ||   151
       Starburst         |       |       |       |     5 |    33 |    23 |       |       ||    61
       Iron Shot         |       |       |       |       |       |    72 |   140 |    63 ||   275
       Fireball          |       |       |       |       |       |    24 |     3 |     3 ||    30
       Bolt of Magma     |       |       |       |       |       |    38 |    43 |     2 ||    83
       Ignition          |       |       |       |       |       |    11 |    88 |    67 ||   166
       Apportation       |       |       |       |       |       |       |     5 |       ||     5
       Shatter           |       |       |       |       |       |       |       |    17 ||    17
 Abil: Fly               |       |       |       |       |     1 |       |       |       ||     1
Evoke: Wand              |       |       |     1 |    10 |     2 |     1 |       |       ||    14
       Condenser vane    |       |       |       |       |       |       |     1 |     1 ||     2
       Phantom mirror    |       |       |       |       |       |       |     1 |     1 ||     2
  Use: Scroll            |       |    11 |    11 |     7 |     4 |     7 |    17 |     5 ||    62
       Potion            |       |     1 |     5 |     3 |     1 |     7 |     2 |     2 ||    21
 Stab: Sleeping          |     5 |     1 |     3 |     2 |     2 |     2 |     1 |     6 ||    22
       Distracted        |       |       |       |       |       |     1 |     2 |     1 ||     4
       Held in net/web   |       |       |       |       |       |       |     1 |       ||     1
Armor: Robe              |    56 |    51 |   102 |   268 |   277 |   412 |   435 |   239 ||  1840
       Skin              |       |       |    14 |       |       |       |       |       ||    14
Dodge: Dodged            |    84 |    67 |   146 |   344 |   317 |   562 |   456 |   276 ||  2252
Block: Buckler           |       |       |   134 |   374 |   327 |   618 |   526 |   246 ||  2225
       Rpst.: Falchion   |       |    19 |    47 |    95 |    65 |       |       |       ||   226

Table legend: (Time is in decaauts)
 A = Elapsed time spent in this place.
 B = Non-inter-level travel time spent in this place.
 C = Inter-level travel time spent in this place.
 D = Time resting spent in this place.
 E = Time spent auto-exploring this place.
 F = Levels seen in this place.
 G = Mean time per level.
                   A        B        C        D        E       F      G
               +--------+--------+--------+--------+--------+-----+--------+
         Total |  53209 |  50591 |   2618 |   7482 |  32094 |  42 | 1266.9 |
       Dungeon |  18610 |  17436 |   1174 |   1898 |  11715 |  15 | 1240.7 |
        Temple |     98 |     78 |     20 |      0 |     46 |   1 |   98.0 |
          Lair |   7575 |   7081 |    494 |    698 |   5254 |   6 | 1262.5 |
        Shoals |   4618 |   4477 |    141 |    354 |   3183 |   4 | 1154.5 |
     Snake Pit |   5660 |   5383 |    277 |    968 |   2782 |   4 | 1415.0 |
  Orcish Mines |   2801 |   2616 |    185 |    643 |   1127 |   2 | 1400.5 |
   Elven Halls |   6149 |   5950 |    199 |   1342 |   3565 |   3 | 2049.7 |
        Vaults |   6366 |   6240 |    126 |    940 |   4234 |   4 | 1591.5 |
         Abyss |    242 |    242 |      0 |    128 |      0 |   1 |  242.0 |
         Sewer |    389 |    389 |      0 |      0 |    187 |   1 |  389.0 |
      Ice Cave |    696 |    696 |      0 |    511 |      0 |   1 |  696.0 |
               +--------+--------+--------+--------+--------+-----+--------+

Top non-repeatable levels by time:
   Elf:3: 3719 daAuts
 Snake:4: 2450 daAuts
Vaults:2: 2189 daAuts
    D:13: 2187 daAuts
Vaults:3: 2113 daAuts
Vaults:1: 2002 daAuts
    D:15: 1778 daAuts
   Orc:2: 1610 daAuts
  Lair:4: 1566 daAuts
  Lair:6: 1525 daAuts
     D:5: 1523 daAuts
  Lair:3: 1469 daAuts
     D:2: 1402 daAuts
   Elf:2: 1389 daAuts
 Snake:2: 1362 daAuts
